 Dungeon Crawl Stone Soup version 0.17-a0-1951-g62301d3 (webtiles) character file.

21472 Ordine the Cruncher (level 12, 0/105 HPs)
             Began as a Minotaur Gladiator on Oct 3, 2015.
             Was a Priest of Okawaru.
             Succumbed to a spiny frog's poison
             ... on level 3 of the Lair of Beasts.
             The game lasted 00:49:25 (11898 turns).

Ordine the Cruncher (Minotaur Gladiator)           Turns: 11898, Time: 00:49:25

Health: 0/105      AC: 25    Str: 22    XL:     12   Next: 54%
Magic:  20/20      EV: 12    Int:  7    God:    Okawaru [***...]
Gold:   852        SH:  0    Dex: 16    Spells: 0 memorised, 11 levels left

rFire  + . .     SeeInvis .     n - +1 quarterstaff
rCold  + . .     Clarity  .     d - +6 plate armour of the Equinox {rF+}
rNeg   . . .     SustAt   .     (no shield)
rPois  .         Gourm    .     c - +1 hat
rElec  .         Spirit   .     o - +2 cloak
rCorr  .         Warding  .     (no gloves)
rMut   .         Stasis   .     (no boots)
MR     +....                    (no amulet)
Stlth  ..........               B - ring of protection from cold
                                A - ring of stealth

@: lethally poisoned (0 -> -4), very slightly contaminated, somewhat resistant
to hostile enchantments, extremely unstealthy
A: retaliatory headbutt, horns 2, talons 1, clever 1, high mp 1, magic
resistance 1, spit poison 1, strong 1
a: Spit Poison, Heroism, Renounce Religion


You were on level 3 of the Lair of Beasts.
You worshipped Okawaru.
Okawaru was most pleased with you.
You were not hungry.

You visited 3 branches of the dungeon, and saw 14 of its levels.

You collected 896 gold pieces.
You spent 44 gold pieces at shops.

Inventory:

Hand weapons
 n - a +1 quarterstaff (weapon)
Missiles
 r - 5 throwing nets (quivered)
Armour
 c - a +1 hat (worn)
 d - the +6 plate armour of the Equinox (worn) {rF+}
   (Okawaru gifted it to you on level 10 of the Dungeon)

   It protects you from fire.
 o - a +2 cloak (worn)
Jewellery
 A - a ring of stealth (left hand)
 B - a ring of protection from cold (right hand)
Magical devices
 v - a wand of fireball (9)
Scrolls
 t - 5 scrolls of remove curse
 y - 5 scrolls of identify
 D - 3 scrolls of fear
 G - a scroll of teleportation
Potions
 g - a potion of might
Comestibles
 a - 3 chunks of flesh
 j - 12 fruits


   Skills:
 * Level 9.5 Fighting
 - Level 14.0 Staves
 - Level 2.0 Throwing
 + Level 10.3 Armour
 + Level 10.2 Dodging
 - Level 10.0 Invocations


You had 11 spell levels left.
You didn't know any spells.

Dungeon Overview and Level Annotations

Branches:
Dungeon (10/15)            Temple (1/1) D:5            Lair (3/8) D:10
 Shoals (0/4) Lair:3          Orc (0/4) D:10
  Snake: Lair:3-6    Spider: Lair:3-6

Altars:
Ashenzari
Cheibriados
Dithmenos
Elyvilon
Fedhas
Gozag
Kikubaaqudgha
Makhleb
Nemelex Xobeh
Okawaru
Qazlal
Ru
Sif Muna
Trog
Vehumet
Xom
Yredelemnul
Zin
The Shining One

Shops:
D:6 ?


Innate Abilities, Weirdness & Mutations

You reflexively headbutt those who attack you in melee.
You have a pair of horns on your head.
You have sharp toenails.
Your mind is acute. (Int +2)
You have an increased reservoir of magic (+10% MP).
You are resistant to hostile enchantments.
You can spit weak poison.
Your muscles are strong. (Str +2)


Message History

Press: ? - help, Shift-Dir - straight line, f - you Really target yourself?
The fireball explodes!
The fireball engulfs you!
Evoking this partially-identified wand wasted a few charges.
* * * LOW HITPOINT WARNING * * *
You feel sick.
Your surroundings suddenly seem different.
* * * LOW HITPOINT WARNING * * *
You feel sick.
Found a stone staircase leading down.
A giant frog comes into view.
You sock the giant frog! Your kick misses the giant frog.
The giant frog is severely wounded.
* * * LOW HITPOINT WARNING * * *
You feel sick.
The giant frog hits you but does no damage.
You thump the giant frog!
You kill the giant frog!
Okawaru accepts your kill.
You die...

.......
......P
.......##
.....>..###
.........P
#.......###
#.........#
#...@...#
###.......#
##.......#
#.......#
.#.#......
######.....
P.... .....


There were no monsters in sight!

Vanquished Creatures
  Erica (D:10)
  A centaur warrior (D:10)
  Sonja (Lair:2)
  Nergalle (Lair:2)
  An unseen horror (D:9)
  Pikel (D:7)
  A hill giant (D:10)
  A griffon (Lair:2)
  2 black mambas (Lair:1)
  3 spiny frogs
  5 komodo dragons
  A centaur skeleton (D:10)
  A troll (D:10)
  Grinder (D:3)
  10 blink frogs (Lair:2)
  24 yaks
  A wraith (D:10)
  A hungry ghost (D:9)
  A basilisk (Lair:1)
  2 hippogriffs
  5 wolves (Lair:1)
  Menkaure (D:7)
  4 water moccasins
  Duvessa (D:7)
  3 orc warriors
  3 sky beasts
  A swamp drake (D:10)
  A necrophage (D:10)
  A phantom (D:5)
  3 porcupines
  A wasp (D:10)
  An ice beast (D:7)
  A black bear (D:10)
  9 ogres
  7 centaurs
  9 crocodiles
  An elf zombie (D:5)
  Dowan (D:7)
  A wyvern zombie (D:10)
  8 giant frogs
  3 elf skeletons (D:5)
  3 killer bees (D:8)
  4 scorpions
  An electric eel (Lair:2)
  4 wights (D:10)
  4 crimson imps
  4 hounds
  A human zombie (D:5)
  A gnoll shaman (D:9)
  2 jellies
  2 quasits (D:10)
  A wasp zombie (D:8)
  4 giant frog skeletons
  3 orc priests
  7 iguanas
  4 orc wizards
  A human skeleton (D:5)
  11 worker ants
  A hound zombie (D:7)
  A hound skeleton (D:6)
  Robin (D:3)
  7 gnolls
  24 river rats (Lair:2)
  6 adders
  2 shadow imps (D:8)
  2 adder skeletons
  6 worms
  11 giant geckos
  15 orcs
  19 goblins
  4 hobgoblins
  8 kobolds
  6 quokkas
  A ball python (D:3)
  7 bats
  6 giant cockroaches
  A giant gecko zombie (D:8)
  6 giant newts
  2 jackals
  3 orc skeletons (D:5)
  2 orc zombies (D:5)
  9 rats
  A plant (Lair:2)
333 creatures vanquished.

Vanquished Creatures (others)
  A sky beast (D:7)
  A worker ant (D:10)
  A fungus (Lair:2)
  A plant (Lair:2)
4 creatures vanquished.

Grand Total: 337 creatures vanquished

Notes
Turn   | Place    | Note
--------------------------------------------------------------
     0 | D:1      | Ordine the Minotaur Gladiator began the quest for the Orb.
     0 | D:1      | Reached XP level 1. HP: 18/18 MP: 0/0
    73 | D:1      | Reached skill level 1 in Armour
   119 | D:1      | Reached XP level 2. HP: 19/25 MP: 1/1
   158 | D:1      | Reached skill level 4 in Staves
   641 | D:2      | Reached XP level 3. HP: 30/30 MP: 2/2
   703 | D:2      | Found a burning altar of Makhleb.
   704 | D:2      | Found a shimmering altar of Xom.
  1473 | D:3      | Noticed Robin
  1486 | D:3      | Killed Robin
  1488 | D:3      | Reached XP level 4. HP: 27/37 MP: 3/3
  1512 | D:3      | Reached skill level 5 in Staves
  1595 | D:3      | Noticed Grinder
  1609 | D:3      | Killed Grinder
  1609 | D:3      | Reached skill level 6 in Staves
  1609 | D:3      | Reached XP level 5. HP: 13/42 MP: 4/4
  1609 | D:3      | Reached XP level 6. HP: 15/50 MP: 5/5
  2110 | D:4      | Found a glowing golden altar of the Shining One.
  2184 | D:4      | Reached skill level 5 in Dodging
  2417 | D:5      | Entered Level 5 of the Dungeon
  2422 | D:5      | Reached skill level 7 in Staves
  2466 | D:5      | Found an ancient bone altar of Kikubaaqudgha.
  2537 | D:5      | Reached XP level 7. HP: 56/56 MP: 6/6
  2638 | D:5      | Found a sacrificial altar of Ru.
  2937 | D:5      | Found a staircase to the Ecumenical Temple.
  2956 | Temple   | Entered the Ecumenical Temple
  2973 | Temple   | Became a worshipper of Warmaster Okawaru
  3186 | D:5      | Reached skill level 8 in Staves
  3276 | D:5      | Reached skill level 5 in Armour
  3364 | D:5      | Reached XP level 8. HP: 62/62 MP: 7/7
  3394 | D:5      | Acquired Okawaru's first power
  3480 | D:6      | Reached skill level 9 in Staves
  3601 | D:6      | Found Hengu's Magic Scroll Boutique.
  3606 | D:6      | Bought a scroll of identify for 22 gold pieces
  3606 | D:6      | Bought a scroll of identify for 22 gold pieces
  3680 | D:6      | Gained mutation: You have an increased reservoir of magic (+10% MP). [potion of mutation]
  3680 | D:6      | Gained mutation: You can spit weak poison. [potion of mutation]
  3904 | D:6      | Found a radiant altar of Vehumet.
  4068 | D:6      | Noticed a moth of wrath
  4075 | D:6      | Found a bloodstained altar of Trog.
  4187 | D:6      | Reached skill level 10 in Staves
  4378 | D:7      | Noticed Dowan
  4379 | D:7      | Noticed Duvessa
  4384 | D:7      | Killed Duvessa
  4396 | D:7      | Killed Dowan
  4451 | D:7      | Noticed Pikel
  4459 | D:7      | Killed Pikel
  4459 | D:7      | Reached skill level 11 in Staves
  4459 | D:7      | Reached XP level 9. HP: 52/68 MP: 8/8
  4626 | D:7      | Noticed Menkaure
  4634 | D:7      | Killed Menkaure
  4831 | D:7      | Found a shattered altar of Ashenzari.
  4854 | D:7      | Gained mutation: Your mind is acute. (Int +2) [mutagenic meat]
  4855 | D:7      | Gained mutation: Your muscles are strong. (Str +2) [mutagenic meat]
  4856 | D:7      | Gained mutation: You have sharp toenails. [mutagenic meat]
  4857 | D:7      | Gained mutation: You are resistant to hostile enchantments. [mutagenic meat]
  5181 | D:8      | Reached skill level 12 in Staves
  5894 | D:8      | Reached XP level 10. HP: 68/74 MP: 10/10
  6067 | D:9      | HP: 1/74 [yak (12)]
  6071 | D:9      | Received a gift from Okawaru
  6545 | D:9      | Killed an unseen horror
  6545 | D:9      | Reached skill level 13 in Staves
  7301 | D:10     | Entered Level 10 of the Dungeon
  7465 | D:10     | Noticed a hill giant
  7523 | D:10     | Killed a hill giant
  7523 | D:10     | Acquired Okawaru's second power
  7626 | D:10     | Reached skill level 14 in Staves
  7691 | D:10     | Received a gift from Okawaru
  7753 | D:10     | Found a staircase to the Orcish Mines.
  7794 | D:10     | Reached XP level 11. HP: 77/83 MP: 11/11
  7901 | D:10     | Reached skill level 10 in Dodging
  7957 | D:10     | Reached skill level 10 in Armour
  8057 | D:10     | Reached skill level 5 in Fighting
  8330 | D:10     | Found a staircase to the Lair.
  8711 | D:10     | Noticed Erica
  8718 | D:10     | Killed Erica
  8827 | D:10     | Received a gift from Okawaru
  8828 | D:10     | Got a translucent plate armour {god gift}
  8839 | D:10     | Identified the +6 plate armour of the Equinox {rF+} (Okawaru gifted it to you on level 10 of the Dungeon)
  9066 | D:10     | Noticed a centaur warrior
  9075 | D:10     | Killed a centaur warrior
  9185 | Lair:1   | Entered Level 1 of the Lair of Beasts
  9233 | Lair:1   | Reached skill level 1 in Invocations
  9691 | Lair:1   | Reached skill level 5 in Invocations
 10290 | Lair:2   | Noticed Nergalle
 10343 | Lair:2   | Killed Nergalle
 10343 | Lair:2   | Reached XP level 12. HP: 17/103 MP: 16/18
 11150 | Lair:2   | Noticed Sonja
 11193 | Lair:2   | Killed Sonja
 11193 | Lair:2   | Reached skill level 10 in Invocations
 11206 | Lair:2   | Received a gift from Okawaru
 11836 | Lair:3   | Found a staircase to the Shoals.
 11891 | Lair:3   | HP: 5/105 [poisoned by a spiny frog]
 11895 | Lair:3   | HP: 2/105 [poisoned by a spiny frog]
 11898 | Lair:3   | Succumbed to a spiny frog's poison

Vault maps used:
D:1:      dpeg_arrival_long_road
D:2:      gammafunk_temple_overflow_statue
D:3:      uniq_grinder, uniq_robin
D:4:      lemuel_crystal_altar, first_bread
D:5:      nicolae_ru_the_path_less_chosen, kiku_gazebo_garden_becter,
          minmay_temple_entry_nine_rooms, nicolae_ossuary_entry_catacombs
D:6:      tgw_trog, overflow_temple_1_default, serial_shops, shop_fountains
D:7:      evilmike_ruin_ashenzari, uniq_menkaure, uniq_pikel, uniq_duvessa
D:8:      minmay_lizard_king
D:10:     erik_lair_dragon, orc_0_dummy, grunt_ogre_cave, uniq_erica
Temple:   circular_temple_12
Lair:1:   grunt_megastairs_2, serial_bayou_shore_b
Lair:2:   infiniplex_staircase_pool_2, serial_bayou_shore_a, uniq_sonja,
          uniq_nergalle
Lair:3:   minmay_shoals_entry_centaurs, spider_nest_entry_web_field,
          lemuel_old_faithful

Action                   |  1- 3 |  4- 6 |  7- 9 | 10-12 || total
-------------------------+-------+-------+-------+-------++-------
Melee: Quarterstaff      |    92 |    84 |   369 |   800 ||  1345
Throw: Throwing net      |       |       |       |     6 ||     6
Invok: Heroism           |       |       |       |    10 ||    10
       Finesse           |       |       |       |     2 ||     2
 Abil: Spit Poison       |       |       |       |     1 ||     1
Evoke: Wand              |       |       |       |     5 ||     5
  Use: Scroll            |     6 |     5 |     8 |    12 ||    31
       Potion            |       |       |     3 |    19 ||    22
 Stab: Invisible         |       |       |       |     3 ||     3
  Eat: Chunk             |     2 |     2 |    14 |    21 ||    39
       Fruit             |       |       |     3 |       ||     3
       Beef jerky        |       |       |       |     1 ||     1
